 Dungeon Crawl Stone Soup version 0.26.1-11-gd32895ea62 (webtiles) character file.

Game seed: 2860095084861901727

490 Gabide the Grave Robber (level 6, 0/43 HPs)
             Began as a Mummy Necromancer on Apr 13, 2021.
             Killed from afar by an orc wizard (5 damage)
             ... with a magic dart
             ... on level 4 of the Dungeon.
             The game lasted 00:12:47 (5531 turns).

Gabide the Grave Robber (Mummy Necromancer)         Turns: 5531, Time: 00:12:48

Health: 0/43       AC:  4    Str: 11    XL:     6   Next: 90%
Magic:  2/14       EV: 12    Int: 17    God:
Gold:   72         SH:  0    Dex: 12    Spells: 3/16 levels left

rFire    x . .     SeeInvis .   b - +1 mace
rCold    + . .     Faith    .   (no shield)
rNeg     + + +     Spirit   .   a - +0 robe
rPois    ∞         Reflect  .   g - +1 helmet
rElec    .         Harm     .   (no cloak)
rCorr    .         Rampage  .   (no gloves)
Will     .....                  (no boots)
Stlth    ++........             (no amulet)
HPRegen  0.14/turn              (no ring)
MPRegen  0.14/turn              (no ring)

@: no status effects
A: no potions, fire vulnerability, cold resistance 1, negative energy resistance
3, torment resistance, unbreathing
a: no special abilities


You were on level 4 of the Dungeon.
You visited 1 branch of the dungeon, and saw 4 of its levels.

You collected 187 gold pieces.
You spent 115 gold pieces at shops.

Inventory:

Hand Weapons
 b - a +1 mace (weapon)
Armour
 a - a +0 robe (worn)
 g - a +1 helmet (worn)
Jewellery
 d - an uncursed ring of fire
Wands
 h - a wand of random effects (15)
Scrolls
 c - a scroll of identify
 e - a scroll of magic mapping


   Skills:
 + Level 1.1 Fighting
 + Level 0.2 Maces & Flails
 + Level 2.0 Dodging
 + Level 1.6 Stealth
 + Level 5.9 Spellcasting
 * Level 6.6 Necromancy


You had 3 spell levels left.
You knew the following spells:

 Your Spells              Type           Power        Failure   Level
a - Pain                  Necr           100%         1%          1
b - Vampiric Draining     Necr           13%          2%          3
c - Animate Dead          Necr           13%          9%          4
d - Agony                 Necr           27%          24%         5

Your spell library contained the following spells:

 Spells                   Type           Power        Failure   Level
 Animate Skeleton         Necr           54%          1%          1


Dungeon Overview and Level Annotations

Branches:
Dungeon (4/15)
 Temple: D:4-7

Altars:
Makhleb
Trog

Shops:
D:4 [

Annotations:
D:3 3 runed translucent doors, CrazyMind's ghost, amateur DENe


Innate Abilities, Weirdness & Mutations

You do not drink.
Your flesh is vulnerable to fire.
You are immune to poison.
Your flesh is cold resistant. (rC+)
You are immune to negative energy. (rN+++)
You are immune to unholy pain and torment.
You can survive without breathing.


Message History

Casting: Pain (safe; 1% risk of failure)
Confirm with . or Enter, or press ? or * to list all spells.
Aiming: Pain (safe; 1% risk of failure)
Press: ? - help, Shift-Dir - straight line, f/p - orc wizard
Aim: an orc wizard, wielding a +0 dagger and wearing a +0 robe (chance to affect: 84%)
The orc wizard writhes in agony.
An orc comes into view.
It is wielding a +2 flail of protection.
The orc wizard points at you and mumbles some strange words.
The magic dart hits you!
Items here: )) [ †.
An orc comes into view. It is wielding a +0 flail.
The orc wizard gestures at you while chanting.
You easily resist.
The orc wizard casts a spell at you. The puff of flame hits you!
The fire burns you terribly!
* * * LOW HITPOINT WARNING * * *
Items here: )) [ ÷.
The orc wizard points at you and mumbles some strange words.
The magic dart hits you.
You die...

........#..........
###.....#.♣........
###.....#..........
........#♣∩♣#######
......###..###
..........♣..#
.............#
.....))...o..#########
.....)####....).@....#
....###
###########.###########
... ##..<#'#.........#
o. #....[...........# .
######.....)..........#
......................##
......#######...........
...... #...........
PP#.# ##...........


You could see an orc wizard.

Vanquished Creatures
  A hound (D:4)
  2 orc priests (D:4)
  2 orc wizards (D:4)
  Terence (D:1)
  Natasha (thrice) (D:2)
  A worker ant (D:4)
  Robin (D:2)
  6 adders
  3 gnolls (D:4)
  2 oozes (D:2)
  2 dart slugs
  8 worms
  2 leopard geckos (D:2)
  3 orcs (D:4)
  3 giant cockroaches
  10 goblins
  11 hobgoblins
  A jackal (D:2)
  8 kobolds
  2 quokkas
  4 ball pythons
  9 bats
  A frilled lizard (D:2)
  13 rats
99 creatures vanquished.

Vanquished Creatures (others)
  3 fungi (D:3)
  3 plants
6 creatures vanquished.

Grand Total: 105 creatures vanquished

Notes
Turn   | Place    | Note
-------+----------+-------------------------------------------
     0 | D:1      | Gabide the Mummy Necromancer began the quest for the Orb.
     0 | D:1      | Reached XP level 1. HP: 13/13 MP: 4/4
   411 | D:1      | Reached XP level 2. HP: 19/19 MP: 3/6
  1448 | D:2      | Noticed Robin
  1460 | D:1      | Reached XP level 3. HP: 24/24 MP: 7/7
  1461 | D:2      | Noticed Terence
  1725 | D:1      | Killed Terence
  1726 | D:1      | Reached XP level 4. HP: 3/30 MP: 0/9
  1730 | D:1      | Learned a level 3 spell: Vampiric Draining
  1735 | D:1      | Learned a level 4 spell: Animate Dead
  2177 | D:2      | Killed Robin
  2178 | D:2      | Reached skill level 5 in Necromancy
  2488 | D:2      | Noticed Natasha
  2493 | D:2      | Killed Natasha
  2822 | D:2      | Found a burning altar of Makhleb.
  2862 | D:2      | Reached XP level 5. HP: 24/35 MP: 3/11
  3125 | D:2      | Noticed Natasha
  3131 | D:2      | Killed Natasha
  3437 | D:2      | Reached skill level 1 in Fighting
  3540 | D:2      | Noticed Natasha
  3575 | D:2      | Killed Natasha
  3863 | D:2      | Learned a level 5 spell: Agony
  4017 | D:3      | Found a runed translucent gate.
  4018 | D:3      | Found a runed translucent gate.
  4019 | D:3      | Found a runed translucent gate.
  4021 | D:3      | Noticed CrazyMind's ghost (amateur DENe)
  4022 | D:3      | Identified the +8 whip "Honnyqah" {drain, Will+ Str+4
                  | Int+3}
  4273 | D:3      | Found a faded altar of an unknown god.
  4307 | D:3      | Reached XP level 6. HP: 43/43 MP: 3/13
  4432 | D:3      | Reached skill level 6 in Necromancy
  4467 | D:3      | Noticed a moth of wrath
  4470 | D:3      | Found a bloodstained altar of Trog.
  4949 | D:4      | Reached skill level 5 in Spellcasting
  5224 | D:4      | Found Qiekamukk's Armour Shop.
  5231 | D:4      | Bought a +1 helmet for 115 gold pieces
  5531 | D:4      | Killed from afar by an orc wizard

Illustrated notes

Levels and vault maps discovered:
D:1:      dpeg_arrival_shelter, layout_basic, minmay_hedge_maze,
          roderic_roman_lattice, minmay_shallow_snake_nest
D:2:      layout_loops_ring, bloody_makhleb, minmay_puff, uniq_robin,
          uniq_natasha, uniq_terence
D:3:      layout_rooms, tgw_trog, chequers_ecumenical_altar_grove,
          gammafunk_ghost_nasty_kobolds
D:4:      layout_basic, serial_shops, nicolae_shop_trees, serial_bayou_pond_c,
          minmay_surrounded

Skill      XL: |  1  2  3  4  5  6 |
---------------+-------------------+-----
Spellcasting   | 3 4 5 |  5.9
Necromancy     | 5 6 |  6.6
Dodging        | 2 |  2.0
Fighting       | 1 |  1.1
Maces & Flails | |  0.2
Stealth        | |  1.6

Action                   |  1- 3 |  4- 6 || total
-------------------------+-------+-------++-------
Melee: Mace              |    26 |    15 ||    41
 Cast: Pain              |    63 |   176 ||   239
       Vampiric Draining |       |    19 ||    19
  Use: Scroll            |     4 |     4 ||     8
Armor: Robe              |    15 |     8 ||    23
Dodge: Dodged            |    63 |    55 ||   118
